 Dungeon Crawl Stone Soup version 0.20-a0-1122-gb7cbeb9 (webtiles) character file.

22 Gorice the Sneak (level 2, -2/24 HPs)
             Began as a Minotaur Enchanter on May 13, 2017.
             Slain by a worm (10 damage)
             ... on level 2 of the Dungeon.
             The game lasted 00:02:25 (673 turns).

Gorice the Sneak (Minotaur Enchanter)                Turns: 673, Time: 00:02:25

Health: -2/24      AC:  2    Str: 12    XL:     2   Next: 68%
Magic:  3/3        EV: 12    Int: 12    God:
Gold:   6          SH:  0    Dex: 13    Spells: 2/3 levels left

rFire    . . .     SeeInvis .   a - +2 dagger
rCold    . . .     Gourm    .   (no shield)
rNeg     . . .     Faith    .   b - +0 robe
rPois    .         Spirit   .   (helmet restricted)
rElec    .         Reflect  .   (no cloak)
rCorr    .         Harm     .   (no gloves)
MR       .....                  (no boots)
Stlth    ++........             (no amulet)
Regen    0.1/turn               n - +3 ring of dexterity
MPRegen  0.1/turn               (no ring)

@: no status effects
A: retaliatory headbutt, horns 2
a: no special abilities


You were on level 2 of the Dungeon.
You were not hungry.

You visited 1 branch of the dungeon, and saw 2 of its levels.

You collected 6 gold pieces.

Inventory:

Hand Weapons
 a - a +2 dagger (weapon)
 m - a +0 spear
Missiles
 h - 3 tomahawks (quivered)
 Z - 54 stones
Armour
 b - a +0 robe (worn)
Jewellery
 n - a +3 ring of dexterity (left hand)
Potions
 e - 2 potions of mutation {!q}
 q - a potion of lignification {unknown}
Books
 c - a book of Maledictions
Comestibles
 d - a bread ration {!e}
 o - a royal jelly


   Skills:
 + Level 2.0 Fighting
 + Level 2.1 Short Blades
 - Level 2.1 Dodging
 - Level 2.4 Stealth
 - Level 1.3 Spellcasting
 - Level 2.0 Hexes


You had 2 spell levels left.
You knew the following spells:

 Your Spells              Type           Power        Failure   Level  Hunger
a - Corona                Hex            #......      13%         1    ##.....


Dungeon Overview and Level Annotations

Branches:
Dungeon (2/15)

Altars:


Innate Abilities, Weirdness & Mutations

You reflexively headbutt those who attack you in melee.
You have a pair of horns on your head.


Message History

The helpless kobold fails to defend itself.
You puncture the kobold!
You kill the kobold!
The adder hisses angrily.
The adder bites you.
Damage: 2 (max 2)
You hit the adder.
The adder is moderately wounded.
The adder bites you but does no damage. The adder barely misses you.
You furiously retaliate!
You headbutt the adder.
There is a stone staircase leading up here.
The adder barely misses you. You furiously retaliate!
You headbutt the adder.
You kill the adder!
Your Fighting skill increases to level 2!
Your Short Blades skill increases to level 2!
You climb upwards.
There is a stone staircase leading down here.
No target in view!
No target in view!
You climb downwards.
The worm bites you.
There is a stone staircase leading up, spattered with blood here.
Damage: 4 (max 4)
You hit the worm.
The worm is lightly wounded.
You hit the worm.
The worm is lightly wounded.
The worm bites you.
Damage: 5 (max 5)
You hit the worm.
The worm is moderately wounded.
You hit the worm.
The worm is heavily wounded.
The worm bites you.
* * * LOW HITPOINT WARNING * * *
Damage: 4 (max 5)
You are too injured to fight recklessly!
You are too injured to fight recklessly!
You hit the worm.
The worm is heavily wounded.
You hit the worm.
The worm is severely wounded.
The worm bites you.
* * * LOW HITPOINT WARNING * * *
Damage: 3 (max 5)
You hit the worm.
The worm is severely wounded.
You barely miss the worm.
The worm is severely wounded.
The worm bites you!
You die...

..# ..##
########....
#......#....
####.......#
.......@w..#
####.......#
#..........#
#.#........# #
#..$.......
..............
#.####..##.......
#. #..# ##.##..
... .# .


You could see a worm.

Vanquished Creatures
  An adder (D:2)
  2 giant cockroaches (D:1)
  3 goblins (D:1)
  A hobgoblin (D:1)
  2 bats (D:1)
  3 kobolds
  A rat (D:1)
13 creatures vanquished.

Notes
Turn   | Place    | Note
-------+----------+-------------------------------------------
     0 | D:1      | Gorice the Minotaur Enchanter began the quest for the Orb.
     0 | D:1      | Reached XP level 1. HP: 14/14 MP: 1/1
   131 | D:1      | Reached skill level 1 in Fighting
   267 | D:1      | Reached XP level 2. HP: 23/23 MP: 3/3
   662 | D:2      | Reached skill level 2 in Fighting
   662 | D:2      | Reached skill level 2 in Short Blades
   671 | D:2      | HP: 7/24 [worm (3)]
   673 | D:2      | Slain by a worm

Vault maps used:
D:1:      onia_arrival_mini_spirals
D:2:      first_bread, moated_statue, nicolae_qazlal_style_of_elements,
          uniq_natasha

Skill      XL: |  1  2 |
---------------+-------+-----
Fighting       | 1 2 |  2.0
Short Blades   | 2 |  2.1
Dodging        | |  2.1
Stealth        | |  2.4
Spellcasting   | |  1.3
Hexes          | |  2.0

Action                   || total
-------------------------++-------
Melee: Dagger            ||    29
       Headbutt          ||     1
  Use: Scroll            ||     6
 Stab: Sleeping          ||     2
Armor: Robe              ||     7
Dodge: Dodged            ||    15

Table legend:
 A = Turns spent in this place as a percentage of turns spent in the entire game.
 B = Non-inter-level travel turns spent in this place as a percentage of non-inter-level travel turns spent in the entire game.
 C = Inter-level travel turns spent in this place as a percentage of turns spent in this place.
 D = Turns resting spent in this place as a percentage of non-inter-level travel turns spent in this place.
 E = Turns spent auto-exploring this place as a percentage of non-inter-level travel turns spent in this place.
 F = Non-inter-level travel turns spent in this place divided by the number of levels of this place that you've seen.
                   A       B       C       D       E      F
               +-------+-------+-------+-------+-------+----------------------
         Total | 100.0 | 100.0 |   0.5 |   0.0 |   9.8 |  91.5
       Dungeon | 100.0 | 100.0 |   0.5 |   0.0 |   9.8 |  91.5
               +-------+-------+-------+-------+-------+----------------------

Vault maps used:
D:1:      onia_arrival_mini_spirals
D:2:      first_bread, moated_statue, nicolae_qazlal_style_of_elements,
          uniq_natasha
